 Dungeon Crawl Stone Soup version 0.28.0-53-g5a82cb258f (webtiles) character file.

Game seed: 14536788345708443817

2972 wingedge the Covert (level 9, -4/59 HPs)
             Began as an Octopode Brigand on June 9, 2022.
             Was a Believer of Vehumet.
             Slain by a killer bee (8 damage)
             ... on level 7 of the Dungeon on June 10, 2022.
             The game lasted 00:32:46 (8238 turns).

wingedge the Covert (Octopode Brigand)              Turns: 8238, Time: 00:32:47

Health: -4/59      AC:  1    Str: 12    XL:     9   Next: 82%
Magic:  14/14      EV: 14    Int: 14    God:    Vehumet [**....]
Gold:   145        SH:  8    Dex: 15    Spells: 14/15 levels left

rFire   . . .      SeeInvis .   a - +3 rapier (venom)
rCold   . . .      Faith    .   h - +3 buckler
rNeg    . . .      Spirit   .   (helmet restricted)
rPois   .          Reflect  .   (no amulet)
rElec   .          Harm     .   e - +4 ring of slaying
rCorr   .          Rampage  .   (no ring)
Will    .....                   (no ring)
Stlth   +++++.....              (no ring)
HPRegen 0.19/turn               (no ring)
MPRegen 0.14/turn               (no ring)
                                (no ring)
                                (no ring)

@: lethally poisoned (-4 -> -19)
A: almost no armour, amphibious, 8 rings, camouflage 1, gelatinous body 1,
(nimble swimmer 1), tentacles
a: Renounce Religion


You were on level 7 of the Dungeon.
You worshipped Vehumet.
Vehumet was pleased with you.
You visited 1 branch of the dungeon, and saw 7 of its levels.

You collected 319 gold pieces.
You spent 174 gold pieces at shops.

Inventory:

Hand Weapons
 a - a +3 rapier of venom (weapon)
 b - a +0 hand crossbow of freezing
 g - a +0 dagger of holy wrath
 i - a +0 trident
 p - a +2 dagger
Missiles
 k - 15 bolts
 o - 39 sling bullets
 v - a curare-tipped dart
 x - 15 poisoned darts
 y - 3 boomerangs (quivered)
 z - 2 datura-tipped darts
Armour
 h - a +3 buckler (worn)
Jewellery
 e - a +4 ring of slaying (left tentacle)
Wands
 c - a wand of polymorph (15)
 f - a wand of acid (9)
 u - a wand of paralysis (5)
 w - a wand of mindburst (15)
 A - a wand of iceblast (5)
 B - a wand of flame (13)
 C - a wand of charming (13)
Scrolls
 j - a scroll of vulnerability
 m - 2 scrolls of amnesia
Potions
 l - a potion of ambrosia
 r - a potion of flight
 t - 2 potions of attraction
 D - a potion of resistance {unknown}


   Skills:
 + Level 4.5 Fighting
 - Level 4.0 Short Blades
 * Level 2.6 Crossbows
 - Level 5.2 Throwing
 + Level 4.1 Dodging
 + Level 8.3 Stealth
 + Level 3.6 Shields
 + Level 3.5 Spellcasting
 + Level 3.9 Conjurations
 * Level 4.2 Fire Magic
 + Level 0.4 Poison Magic
 * Level 2.2 Evocations


You had 14 spell levels left.
You knew the following spells:

 Your Spells              Type           Power      Damage    Failure   Level
a - Foxfire               Conj/Fire      52%        2x1d6     4%          1

Your spell library contained the following spells:

 Spells                   Type           Power      Damage    Failure   Level
 Poisonous Vapours        Pois/Air       6%         N/A       36%         2
 Ignite Poison            Fire/Tmut/Pois 6%         N/A       38%         3
 Gell's Gravitas          Tloc           2%         N/A       63%         3
 Lesser Beckoning         Tloc           2%         N/A       63%         3
 Summon Guardian Golem    Hex/Summ       2%         N/A       63%         3
 Teleport Other           Tloc           2%         N/A       63%         3
 Starburst                Conj/Fire      6%         6d4       100%        6
 Orb of Destruction       Conj           6%         9d6       100%        7
 Spellforged Servitor     Conj/Summ      3%         N/A       100%        7
 Fire Storm               Conj/Fire      6%         8d2       100%        9


Dungeon Overview and Level Annotations

Branches:
Dungeon (7/15)
 Temple: D:4-7

Altars:
Ashenzari
Dithmenos
Elyvilon
Okawaru
Qazlal
Trog
Vehumet
Xom

Shops:
D:2 *[   D:6 (


Innate Abilities, Weirdness & Mutations

You cannot wear most types of armour.
You are amphibious.
You can wear up to eight rings at the same time.
Your skin changes colour to match your surroundings (Stealth+).
Your rubbery body absorbs attacks. (AC +1, EV +1)
((You are camouflaged when in or above water. (Stealth+)))
You have tentacles for arms and can constrict up to eight enemies at once.


Message History

The killer bee stings you. The killer bee completely misses you.
This is a scroll of acquirement!
Something appears before you!
You feel sick. The killer bee stings you. You block the killer bee's attack.
The killer bee closely misses you. You block the killer bee's attack.
The killer bee misses you. The killer bee barely misses you.
The killer bee closely misses you.
As you read the scroll labelled BUCSOI RAFUQAC, it crumbles to dust.
The scroll dissolves into smoke.
It was a scroll of fog.
You feel sick. The killer bee stings you. The killer bee misses you.
The killer bee stings you.
You are more poisoned.
The killer bee poisons you! The killer bee stings you.
You block the killer bee's attack. The killer bee stings you!
The killer bee completely misses you. The killer bee closely misses you.
You block the killer bee's attack.
Press: ? - help, v - describe, . - travel The floor.
There is a cloud of blue smoke here.
You feel better. The killer bee barely misses you. The killer bee stings you.
The killer bee barely misses you. The killer bee closely misses you.
The killer bee completely misses you. The killer bee closely misses you.
You block the killer bee's attack. The killer bee misses you.
The killer bee closely misses you. x2; The killer bee stings you.
The killer bee barely misses you.
As you read the scroll labelled SEIBALOISO, it crumbles to dust.
It is a scroll of enchant weapon.
Your +2 rapier of venom glows red for a moment.
The killer bee stings you!
* * * LOW HITPOINT WARNING * * *
You are poisoned.
The killer bee poisons you! You block the killer bee's attack. x2
The killer bee stings you!
* * * LOW HITPOINT WARNING * * *
You are lethally poisoned!
The killer bee poisons you! The killer bee stings you.
* * * LOW HITPOINT WARNING * * *
The killer bee stings you.
* * * LOW HITPOINT WARNING * * *
The killer bee stings you!
You die...

.(...########
..(.........#
#..(........#
..).o.......####
#....o(((......# #####
#..)(.(........######....
......oyyy§..............
#......y@y§)...######....
#......y§§§.)..# #....
#...........#### #....
#####.####(## #.... #####
#. #.# #.... .#..# #. #..
##### ....# . .... )...##
. ....# <.†..#


You could see 6 killer bees and 3 orcs.

Vanquished Creatures
  3 yaks (D:6)
  A steam dragon (D:7)
  Menkaure (D:5)
  A water moccasin (D:4)
  2 sky beasts
  A black bear (D:5)
  2 ogres
  3 centaurs
  A phantom (D:7)
  A kobold brigand (D:7)
  2 bullfrogs
  A water moccasin zombie (D:5)
  2 scorpions
  2 water moccasin skeletons
  A jelly (D:5)
  3 hounds
  3 orc priests
  A centaur skeleton (D:6)
  2 bullfrog skeletons (D:5)
  An iguana (D:5)
  Terence (D:2)
  3 orc wizards
  Natasha (thrice) (D:4)
  A hound skeleton (D:5)
  8 gnolls (D:6)
  6 adders
  A white imp (D:6)
  2 ufetubi
  4 worms
  5 dart slugs
  15 orcs
  7 endoplasms
  2 giant cockroaches
  7 goblins
  7 hobgoblins
  11 jackals
  7 kobolds
  6 quokkas
  9 ball pythons
  6 bats
  3 frilled lizards
  4 rats (D:1)
152 creatures vanquished.

Vanquished Creatures (collateral kills)
  A yak (D:6)
  A gnoll sergeant (D:6)
2 creatures vanquished.

Vanquished Creatures (others)
  A yak (D:6)
  40 foxfires
41 creatures vanquished.

Grand Total: 195 creatures vanquished

Notes
Turn   | Place    | Note
-------+----------+-------------------------------------------
     0 | D:1      | wingedge the Octopode Brigand began the quest for the Orb.
     0 | D:1      | Reached XP level 1. HP: 14/14 MP: 1/1
    23 | D:1      | Reached XP level 2. HP: 10/19 MP: 2/2
   221 | D:1      | Found a faded altar of an unknown god.
   488 | D:1      | Got Sif Muna's Volume of the Blaze
   617 | D:1      | Reached XP level 3. HP: 20/24 MP: 3/3
  1132 | D:2      | Found Nolegoexom's Antique Armour Boutique.
  1281 | D:2      | Noticed Terence
  1378 | D:2      | Killed Terence
  1379 | D:2      | Reached XP level 4. HP: 6/30 MP: 4/4
  1756 | D:2      | Found Toeddifu's Assorted Antiques.
  1762 | D:2      | Bought a bubbling white potion for 26 gold pieces
  2378 | D:3      | Reached skill level 6 in Stealth
  2378 | D:3      | Reached skill level 1 in Shields
  2447 | D:3      | Reached XP level 5. HP: 35/35 MP: 5/5
  2449 | D:3      | Found a radiant altar of Vehumet.
  2563 | D:3      | Became a worshipper of Vehumet
  2629 | D:3      | Found a bloodstained altar of Trog.
  3226 | D:4      | Noticed Natasha
  3233 | D:4      | Killed Natasha
  3283 | D:4      | Reached XP level 6. HP: 28/42 MP: 6/6
  3493 | D:4      | Found a white marble altar of Elyvilon.
  3640 | D:4      | Noticed Natasha
  3646 | D:4      | Killed Natasha
  3817 | D:4      | Noticed Natasha
  3831 | D:4      | Killed Natasha
  4200 | D:5      | Entered Level 5 of the Dungeon
  4202 | D:5      | Reached skill level 7 in Stealth
  4905 | D:5      | Reached * piety under Vehumet
  4905 | D:5      | Offered knowledge of Foxfire by Vehumet.
  4915 | D:5      | Learned a level 1 spell: Foxfire
  4947 | D:5      | Noticed a water moccasin
  4950 | D:5      | Reached XP level 7. HP: 46/46 MP: 7/7
  5135 | D:5      | Reached skill level 1 in Fire Magic
  5383 | D:5      | Reached skill level 1 in Conjurations
  5401 | D:5      | Reached skill level 1 in Spellcasting
  5435 | D:5      | Noticed Menkaure
  5436 | D:5      | Killed Menkaure
  5437 | D:5      | Reached XP level 8. HP: 46/53 MP: 10/10
  5838 | D:5      | Found an iron altar of Okawaru.
  6172 | D:6      | Found a shadowy altar of Dithmenos.
  6195 | D:6      | Found a shimmering altar of Xom.
  6222 | D:6      | Found Douzafas's Weapon Shoppe.
  6260 | D:6      | Bought a +0 hand crossbow of freezing for 116 gold pieces
  6260 | D:6      | Bought 3 boomerangs for 21 gold pieces
  6260 | D:6      | Bought 2 datura-tipped darts for 11 gold pieces
  6300 | D:6      | Found a broken altar of Ashenzari.
  6323 | D:6      | Found a stormy altar of Qazlal.
  6510 | D:6      | Noticed a yak
  6511 | D:6      | Noticed a yak
  6513 | D:6      | Noticed a yak
  6523 | D:6      | Noticed a yak
  6524 | D:6      | Killed a yak
  6525 | D:6      | Killed a yak
  6526 | D:6      | Reached XP level 9. HP: 58/58 MP: 11/13
  6534 | D:6      | Reached skill level 1 in Crossbows
  6534 | D:6      | Reached skill level 5 in Throwing
  6534 | D:6      | Reached skill level 8 in Stealth
  7478 | D:6      | Reached skill level 1 in Evocations
  8018 | D:7      | Offered knowledge of Poisonous Vapours by Vehumet.
  8200 | D:7      | Reached ** piety under Vehumet
  8235 | D:7      | Identified a scroll of acquirement
  8235 | D:7      | Acquired the ring "Doof" {rElec Dex+6}
  8238 | D:7      | Slain by a killer bee

Illustrated notes

Levels and vault maps discovered:
D:1:      minmay_arrival_four_circles, layout_loops_ring,
          shapermc_ecumenical_altar_ellora
D:2:      layout_basic, serial_shops, nicolae_shop_waterfront,
          nicolae_shop_advertising_works [nicolae_subvault_shop_adworks],
          lemuel_flame_loot_1, uniq_terence
D:3:      layout_basic, vehumet_crystals, trog_three_pillars_becter
D:4:      layout_basic, elyvilon_altar_5, uniq_natasha
D:5:      layout_basic, okawaru_metal_pillars_1_2, uniq_menkaure
D:6:      layout_cave_pods, ashenzari_conservatory_becter, xom_teletrap_fun,
          kennysheep_mini, old_standard_altar, hex_large, nicolae_stop_n_shop_2,
          minmay_starry_boxes
D:7:      layout_basic, minmay_temple_entry_water_ring

Skill      XL: |  1  2  3  4  5  6  7  8  9 |
---------------+----------------------------+-----
Dodging        | 2 3 4 |  4.1
Stealth        | 6 7 8 |  8.3
Shields        | 1 2 3 |  3.6
Fighting       | 3 4 |  4.5
Throwing       | 3 4 5 |  5.2
Short Blades   | 3 4 |  4.0
Fire Magic     | 2 3 4 |  4.2
Conjurations   | 1 2 3 |  3.9
Spellcasting   | 1 2 3 |  3.5
Crossbows      | 2 |  2.6
Evocations     | 2 |  2.2
Poison Magic   | |  0.4

Action                   |  1- 3 |  4- 6 |  7- 9 || total
-------------------------+-------+-------+-------++-------
Melee: Dagger            |    57 |    49 |       ||   106
       Constrict         |    10 |    21 |    22 ||    53
       Tentacles         |     6 |    13 |    25 ||    44
       Punch             |       |     2 |     4 ||     6
       Rapier            |       |    31 |    92 ||   123
       Unarmed           |       |     5 |       ||     5
 Fire: Hand crossbow     |       |       |    36 ||    36
Throw: Dart              |    29 |    48 |    15 ||    92
       Boomerang         |       |       |     4 ||     4
 Cast: Foxfire           |       |       |    24 ||    24
  Use: Potion            |     3 |     2 |     2 ||     7
       Scroll            |     1 |     3 |    11 ||    15
 Stab: Sleeping          |     7 |    13 |     4 ||    24
Armor: Skin              |     6 |     6 |     4 ||    16
Dodge: Dodged            |    37 |    45 |    94 ||   176
Block: Buckler           |     3 |    11 |    56 ||    70
